 Dungeon Crawl Stone Soup version 0.23.2-1-ga50397a (webtiles) character file.

Game seed: 17075725759186962259

67 Kairos the Grave Robber (level 4, 0/32 HPs)
             Began as a Gnoll Necromancer on June 1, 2019.
             Slain by a goblin (3 damage)
             ... led by Robin
             ... on level 2 of the Dungeon.
             The game lasted 00:04:34 (1358 turns).

Kairos the Grave Robber (Gnoll Necromancer)         Turns: 1358, Time: 00:04:35

Health: 0/32       AC:  3    Str: 11    XL:     4   Next: 18%
Magic:  4/11       EV: 12    Int: 18    God:
Gold:   80         SH:  7    Dex: 15    Spells: 12/13 levels left

rFire    . . .     SeeInvis .   m - +1 long sword (drain)
rCold    . . .     Gourm    .   k - +0 shield
rNeg     . . .     Faith    .   a - +0 robe
rPois    .         Spirit   .   (no helmet)
rElec    .         Reflect  .   h - +0 cloak
rCorr    .         Harm     .   (no gloves)
MR       .....                  (no boots)
Stlth    +++.......             (no amulet)
HPRegen  0.10/turn              (no ring)
MPRegen  0.12/turn              (no ring)

@: lethally poisoned (0 -> -4)
A: distributed training, fangs 1, strong nose
a: no special abilities


You were on level 2 of the Dungeon.
You were not hungry.

You visited 1 branch of the dungeon, and saw 2 of its levels.

You collected 80 gold pieces.

Inventory:

Hand Weapons
 i - a +0 short sword
 m - a +1 long sword of draining (weapon)
Armour
 a - a +0 robe (worn)
 h - a +0 cloak (worn)
 k - a +0 shield (worn)
Jewellery
 l - an uncursed amulet of harm {unknown}
Scrolls
 d - 3 scrolls of teleportation {unknown}
 e - 2 scrolls of remove curse {unknown}
 f - 2 scrolls of identify {unknown}
 n - a scroll of magic mapping {unknown}
Potions
 b - a potion of might {unknown}
 g - a potion of magic {unknown}
 j - a potion of ambrosia {unknown}
Comestibles
 c - 2 rations
 o - 3 chunks of flesh


   Skills:
 + Level 1.0 Fighting
 + Level 1.0 Short Blades
 + Level 1.0 Long Blades
 + Level 1.0 Axes
 + Level 1.0 Maces & Flails
 + Level 1.0 Polearms
 + Level 1.0 Staves
 + Level 1.0 Slings
 + Level 1.0 Bows
 + Level 1.0 Crossbows
 + Level 1.0 Throwing
 + Level 1.0 Armour
 + Level 4.6 Dodging
 + Level 4.2 Stealth
 + Level 1.0 Shields
 + Level 1.0 Unarmed Combat
 + Level 5.0 Spellcasting
 + Level 0.8 Conjurations
 + Level 0.8 Hexes
 + Level 0.8 Charms
 + Level 0.8 Summonings
 + Level 7.1 Necromancy
 + Level 0.8 Translocations
 + Level 0.8 Transmutations
 + Level 0.8 Fire Magic
 + Level 0.8 Ice Magic
 + Level 0.8 Air Magic
 + Level 0.8 Earth Magic
 + Level 0.8 Poison Magic
 + Level 1.1 Invocations
 + Level 1.0 Evocations


You had 12 spell levels left.
You knew the following spells:

 Your Spells              Type           Power        Failure   Level  Hunger
a - Pain                  Necr           ####         4%          1    None

Your spell library contained the following spells:

 Spells                   Type           Power        Failure   Level  Hunger
 Animate Skeleton         Necr           N/A          4%          1    None
 Vampiric Draining        Necr           ####......   13%         3    ##.....
 Animate Dead             Necr           N/A          41%         4    ####...
 Regeneration             Chrm/Necr      ###.......   43%         3    ##.....


Dungeon Overview and Level Annotations

Branches:
Dungeon (2/15)

Altars:

Annotations:
D:2 Robin


Innate Abilities, Weirdness & Mutations

Your experience applies equally to all skills.
You have very sharp teeth.
Your uncanny sense of smell can sniff out nearby items.


Message History

Your bite misses the goblin. The goblin misses you.
You closely miss the goblin.
You feel sick. The goblin closely misses you.
You riposte.
You closely miss the goblin. You block the goblin's attack.
The goblin closely misses you.
Robin says, "My goblins will feast on your bones."
You closely miss the goblin.
You feel sick. The goblin hits you. The goblin hits you but does no damage.
Robin's bangles clink loudly.
The goblin hits you.
* * * LOW HITPOINT WARNING * * *
You barely miss the goblin.
You feel sick. The goblin hits you.
* * * LOW HITPOINT WARNING * * *
The goblin misses you.
You riposte.
You barely miss the goblin. Your bite misses the goblin.
You barely miss the goblin.
* * * LOW HITPOINT WARNING * * *
You feel sick.
The goblin no longer looks unusually strong.
The goblin barely misses you. The goblin hits you.
You die...

.#.###.###################
##.#..##..###
............#
....##≈#....# . #≈≈##≈..#
∆ ≈≈≈#≈≈#..# #≈#≈≈≈≈#≈.#
#≈≈≈≈≈≈#≈≈g# .≈≈≈≈≈≈≈≈≈#@#
.##≈#≈#≈≈##g# # ≈≈≈≈≈#gg##
#≈≈≈#≈#.g.####
...####..........
....g........##..
#............#
..g....$(.......
#............###


You could see Robin and 4 goblins.

Vanquished Creatures
  Terence (D:2)
  A dart slug (D:1)
  3 bats (D:1)
  A giant cockroach (D:1)
  8 goblins
  9 hobgoblins
  4 jackals (D:1)
  5 kobolds (D:1)
  A ball python (D:2)
  A frilled lizard (D:1)
34 creatures vanquished.

Notes
Turn   | Place    | Note
-------+----------+-------------------------------------------
     0 | D:1      | Kairos the Gnoll Necromancer began the quest for the Orb.
     0 | D:1      | Reached XP level 1. HP: 13/13 MP: 6/6
   269 | D:1      | Reached XP level 2. HP: 15/19 MP: 2/7
   929 | D:1      | Reached XP level 3. HP: 25/25 MP: 7/9
  1033 | D:1      | Reached skill level 5 in Spellcasting
  1266 | D:2      | Noticed Terence
  1274 | D:2      | Killed Terence
  1274 | D:2      | Reached skill level 1 in Fighting
  1274 | D:2      | Reached skill level 1 in Short Blades
  1274 | D:2      | Reached skill level 1 in Long Blades
  1274 | D:2      | Reached skill level 1 in Axes
  1274 | D:2      | Reached skill level 1 in Maces & Flails
  1274 | D:2      | Reached skill level 1 in Polearms
  1274 | D:2      | Reached skill level 1 in Staves
  1274 | D:2      | Reached skill level 1 in Slings
  1274 | D:2      | Reached skill level 1 in Bows
  1274 | D:2      | Reached skill level 1 in Crossbows
  1274 | D:2      | Reached skill level 1 in Throwing
  1274 | D:2      | Reached skill level 1 in Armour
  1274 | D:2      | Reached skill level 1 in Shields
  1274 | D:2      | Reached skill level 1 in Unarmed Combat
  1274 | D:2      | Reached skill level 1 in Invocations
  1274 | D:2      | Reached skill level 1 in Evocations
  1282 | D:2      | Reached XP level 4. HP: 20/32 MP: 0/11
  1302 | D:2      | Noticed Robin
  1358 | D:2      | Slain by a goblin

Skill      XL: |  1  2  3 |
---------------+----------+-----
Spellcasting   | 5 |  5.0
Fighting       | 1 |  1.0
Short Blades   | 1 |  1.0
Long Blades    | 1 |  1.0
Axes           | 1 |  1.0
Maces & Flails | 1 |  1.0
Polearms       | 1 |  1.0
Staves         | 1 |  1.0
Slings         | 1 |  1.0
Bows           | 1 |  1.0
Crossbows      | 1 |  1.0
Throwing       | 1 |  1.0
Armour         | 1 |  1.0
Shields        | 1 |  1.0
Unarmed Combat | 1 |  1.0
Invocations    | 1 |  1.1
Evocations     | 1 |  1.0
Dodging        | |  4.6
Stealth        | |  4.2
Conjurations   | |  0.8
Hexes          | |  0.8
Charms         | |  0.8
Summonings     | |  0.8
Necromancy     | |  7.1
Translocations | |  0.8
Transmutations | |  0.8
Fire Magic     | |  0.8
Ice Magic      | |  0.8
Air Magic      | |  0.8
Earth Magic    | |  0.8
Poison Magic   | |  0.8

Action                   |  1- 3 |  4- 6 || total
-------------------------+-------+-------++-------
Melee: Unarmed           |    12 |       ||    12
       Bite              |     2 |       ||     2
       Long sword        |     2 |     7 ||     9
 Cast: Pain              |    44 |     5 ||    49
  Eat: Chunk             |       |     1 ||     1
Armor: Robe              |     5 |     2 ||     7
Dodge: Dodged            |    20 |     6 ||    26
Block: Shield            |       |     5 ||     5
       Rpst.: Long sword |     1 |     3 ||     4
